 Dungeon Crawl Stone Soup version 0.31-a0-128-g25add195a6 (webtiles) character file.

Game seed: 7930085603819197778

8701 TittyCrusher the Basher (level 11, -3/86 HPs)
             Began as an Armataur Monk on June 2, 2023.
             Was a Priest of Cheibriados.
             Constricted to death by Erica (9 damage)
             ... on level 1 of the Lair of Beasts.
             The game lasted 00:23:05 (9940 turns).

TittyCrusher the Basher (Armataur Monk)             Turns: 9940, Time: 00:23:06

Health: -3/86      AC: 10    Str: 28      XL:     11   Next: 13%
Magic:  10/14      EV:  7    Int: 18      God:    Cheibriados [***...]
Gold:   99         SH:  6    Dex: 19 (22) Spells: 10/10 levels left

rFire   + + .        a - +5 morningstar (vamp)
rCold   + . .        C - +2 buckler
rNeg    . . .        H - +1 robe {rC+ rF+}
rPois   .            g - +1 helmet
rElec   .            K - +1 cloak
rCorr   .            Q - +0 pair of gloves
SInv    +            (no barding)
Will    .....        m - amulet of faith
Stlth   ++           G - ring of protection from fire
HPRegen 0.34/turn    I - ring of see invisible
MPRegen 0.14/turn

%: roll, faith
@: lethally poisoned (-3 -> -7), grasped by roots, slowed, constricted, very
slow
A: large, rugged brown scales 3, deformed body, armoured tail, roll, long
tongue, awkward tongue, clumsy 1, deterioration 1, low MP 1, sense surroundings
1, strong 1
a: Renounce Religion, Bend Time, Temporal Distortion


You were on level 1 of the Lair of Beasts.
You worshipped Cheibriados.
Cheibriados was most pleased with you.
You visited 3 branches of the dungeon, and saw 11 of its levels.
You also visited: Ossuary.

You collected 476 gold pieces.
You spent 377 gold pieces at shops.

Inventory:

Hand Weapons
 a - a +5 vampiric morningstar (weapon)
 b - a +2 sling of electrocution
 q - a +0 mace
 E - a +2 orcbow of freezing
 O - a +2 flail of holy wrath
Missiles
 j - 5 atropa-tipped darts (quivered)
 o - 19 poisoned darts
 u - 12 boomerangs
Armour
 d - an orb of light
 f - a +0 chain mail
 g - a +1 helmet (worn)
 h - a +0 robe
 k - a +0 plate armour
 p - a +0 ring mail
 z - +0 steam dragon scales
 C - a +2 buckler (worn)
 H - a +1 robe of resistance (worn)
 K - a +1 cloak (worn)
 Q - a +0 pair of gloves (worn)
Magical Staves
 l - a staff of air
 B - a staff of cold
Jewellery
 e - a ring of magical power
 m - an amulet of faith (around neck)
 y - a ring of resist corrosion
 G - a ring of protection from fire (left hand)
 I - a ring of see invisible (right hand)
 L - a ring of magical power
Wands
 M - a wand of polymorph (5)
Scrolls
 c - 2 scrolls of blinking
 i - 4 scrolls of vulnerability
 r - 7 scrolls of magic mapping
 s - 4 scrolls of teleportation
 v - a scroll of fog
 x - 2 scrolls of poison
 A - 2 scrolls of immolation
 J - 3 scrolls of noise
 R - 2 scrolls of amnesia
 S - 2 scrolls of identify
Potions
 n - 5 potions of enlightenment
 t - 2 potions of haste
 w - a potion of magic
 D - 3 potions of curing
 F - a potion of brilliance
 N - a potion of cancellation


   Skills:
 - Level 2.6 Fighting
 + Level 14.8 Maces & Flails
 - Level 1.0 Armour
 - Level 2.1 Dodging
 - Level 0.3 Stealth
 - Level 6.1 Invocations


You had 10 spell levels left.
You didn't know any spells.
Your spell library contained the following spells:

 Spells                   Type           Power      Damage    Failure   Level
 Apportation              Tloc           0%         N/A       26%         1
 Necrotise                Necr           0%         1d4       26%         1
 Shock                    Conj/Air       0%         1d3       26%         1
 Summon Small Mammal      Summ           0%         N/A       26%         1
 Ensorcelled Hibernation  Hex/Ice        0%         N/A       36%         2
 Lesser Beckoning         Tloc           0%         N/A       36%         2
 Passwall                 Tmut/Erth      0%         N/A       36%         2
 Dazzling Flash           Conj/Hex       0%         N/A       61%         3
 Gell's Gravitas          Tloc           0%         N/A       61%         3
 Swiftness                Air            0%         N/A       61%         3
 Teleport Other           Tloc           0%         N/A       61%         3
 Volatile Blastmotes      Fire/Tloc      0%         2d10      61%         3
 Airstrike                Air            0%         2d(0-16)  95%         4
 Cause Fear               Hex            0%         N/A       95%         4
 Iskenderun's Mystic Bla  Conj/Tloc      0%         2d3       95%         4
 Dispersal                Tloc           0%         N/A       100%        6
 Starburst                Conj/Fire      0%         6d3       100%        6
 Dragon Form              Tmut           0%         N/A       100%        7
 Dragon's Call            Summ           0%         N/A       100%        9


Dungeon Overview and Level Annotations

Branches:
Dungeon (9/15)             Temple (1/1) D:7            Lair (1/5) D:9
    Orc (0/2) D:9         Ossuary (visited)

Altars:
Cheibriados
Hepliaklqana
Kikubaaqudgha
Uskayaw
Wu Jian
Xom
Yredelemnul
Zin
The Shining One

Shops:
D:6 *

Annotations:
D:2 Terence
Lair:1 Erica


Innate Abilities, Weirdness & Mutations

You are completely covered in rugged brown scales. (AC +3, +7% HP)
Armour fits poorly on your strangely shaped body.
You have a long armoured tail.
You roll when moving toward enemies. (Rampage)
Your long tongue fully drains potion bottles. (2x potion effects)
Your tongue gives you trouble enunciating. (1.5x scroll delay)
You are clumsy. (Dex -2)
Your body sometimes deteriorates upon taking damage.
Your magical capacity is low. (-10% MP)
You passively map a small area around you.
Your muscles are strong. (Str +4, Int/Dex -1)


Message History

You hear an angry hiss.
Unknown command.
You puncture the cane toad!
The cane toad is almost dead.
You feel sick. The cane toad barely misses you.
Erica gestures at you while chanting.
You feel yourself slow down.
A komodo dragon comes into view.
Unknown command.
The komodo dragon hisses angrily.
You puncture the cane toad!
You feel better.
You kill the cane toad!
Cheibriados appreciates the change of pace.
You feel very sick. Erica gestures at you while chanting.
You resist with significant effort.
Okay, then.
Unknown command.
Unknown command.
Unknown command.
Unknown command.
Okay, then.
Unknown command.
You closely miss the komodo dragon.
You feel sick.
Erica zaps a wand.
The roots erupt in riotous growth!
The komodo dragon is unaffected.
The grasping roots grab you!
Erica is unaffected.
The grasping roots constrict you! The komodo dragon bites you!
* * * LOW HITPOINT WARNING * * *
Unknown command.
As you slowly read the scroll of fear, it crumbles to dust.
You assume a fearsome visage.
Erica looks frightened!
The komodo dragon looks frightened!
You feel very sick.
Erica gestures wildly while chanting.
Erica flickers and vanishes for a moment.
The grasping roots constrict you!
* * * LOW HITPOINT WARNING * * *
The grasping roots constrict you!
You die...

##..# .#P ##.# ,
#####.########
#............#
,,#............# ,
#...........### ,
*
..............#P##
, , ,
.##...........l..#
, * ,,
#.........@.#...+
,
#.##.#####†#†#.#.
, ##*## ##..@..
#.#.# >..... *
,#.#.# .. . #. ,


You could see Erica (invisible, fleeing) and a komodo dragon (fleeing).

Vanquished Creatures
  A boulder beetle (Lair:1)
  A skyshark (Lair:1)
  A faun (D:8)
  A cane toad (Lair:1)
  A komodo dragon (D:9)
  4 blink frogs (Lair:1)
  A hornet (D:9)
  A snapping turtle (shapeshifter) (D:9)
  Sigmund (D:3)
  A wyvern (Lair:1)
  5 yaks
  A wraith (Ossuary)
  A steam dragon (D:7)
  An acid dragon (D:9)
  A water moccasin (Lair:1)
  An ice beast (D:7)
  2 orc warriors (D:9)
  A sky beast (D:7)
  An ogre (D:5)
  2 black bears
  3 phantoms
  4 centaurs
  3 kobold brigands
  An elf skeleton (D:4)
  7 bullfrogs
  A gnoll sergeant (D:5)
  7 scorpions
  6 wights
  3 howler monkeys (D:9)
  5 human zombies
  5 hounds
  3 orc priests
  3 jellies (D:6)
  A sleepcap (D:5)
  8 iguanas
  6 orc wizards
  3 mummies (Ossuary)
  Robin (D:3)
  6 gnolls
  8 adders
  A shadow imp (D:6)
  2 ufetubi
  3 worms
  3 dart slugs
  31 orcs
  3 endoplasms
  A giant cockroach (D:4)
  2 gnoll zombies (Ossuary)
  17 goblins
  10 hobgoblins
  5 quokkas
  4 ball pythons
  2 bats
  2 frilled lizards (D:1)
  6 goblin zombies (Ossuary)
  3 hobgoblin zombies (Ossuary)
  36 kobolds
  A kobold zombie (Ossuary)
  An orc skeleton (D:4)
  An orc zombie (D:4)
  9 rats
256 creatures vanquished.

Notes
Turn   | Place    | Note
-------+----------+-------------------------------------------
     0 | D:1      | TittyCrusher the Armataur Monk began the quest for the Orb.
     0 | D:1      | Reached XP level 1. HP: 19/19 MP: 1/1
   293 | D:1      | Reached skill level 3 in Maces & Flails
   517 | D:1      | Reached XP level 2. HP: 26/26 MP: 2/2
   971 | D:2      | Reached XP level 3. HP: 32/32 MP: 3/3
  1144 | D:2      | Reached skill level 4 in Maces & Flails
  1253 | D:2      | Gained mutation: You occasionally lose the ability to read
                  | scrolls when taking damage. [potion of mutation]
  1253 | D:2      | Gained mutation: You have a pair of small antennae on your
                  | head. [potion of mutation]
  1253 | D:2      | Gained mutation: You have supernaturally acute eyesight.
                  | (SInv) [potion of mutation]
  1254 | D:2      | Lost mutation: You have supernaturally acute eyesight.
                  | (SInv) [potion of mutation]
  1254 | D:2      | Lost mutation: You occasionally lose the ability to read
                  | scrolls when taking damage. [potion of mutation]
  1254 | D:2      | Lost mutation: You have a pair of small antennae on your
                  | head. [potion of mutation]
  1254 | D:2      | Gained mutation: You have sharp toenails. [potion of
                  | mutation]
  1254 | D:2      | Gained mutation: You expend magic power (3 MP) to
                  | strengthen your wands. [potion of mutation]
  1254 | D:2      | Gained mutation: You are somewhat resistant to further
                  | mutation. [potion of mutation]
  1255 | D:2      | Lost mutation: You expend magic power (3 MP) to strengthen
                  | your wands. [potion of mutation]
  1255 | D:2      | Lost mutation: You have sharp toenails. [potion of
                  | mutation]
  1255 | D:2      | Lost mutation: You are somewhat resistant to further
                  | mutation. [potion of mutation]
  1255 | D:2      | Gained mutation: You passively map a small area around you.
                  | [potion of mutation]
  1255 | D:2      | Gained mutation: You are clumsy. (Dex -2) [potion of
                  | mutation]
  1255 | D:2      | Gained mutation: Your magical capacity is low. (-10% MP)
                  | [potion of mutation]
  1255 | D:2      | Gained mutation: Your body sometimes deteriorates upon
                  | taking damage. [potion of mutation]
  1255 | D:2      | Gained mutation: Your muscles are strong. (Str +4, Int/Dex
                  | -1) [potion of mutation]
  1526 | D:3      | Noticed Robin
  1526 | D:3      | Noticed Terence
  1708 | D:3      | Reached skill level 1 in Armour
  1717 | D:3      | Killed Robin
  1718 | D:3      | Reached XP level 4. HP: 34/39 MP: 3/3
  2010 | D:3      | Noticed Sigmund
  2023 | D:3      | Killed Sigmund
  2024 | D:3      | Reached skill level 6 in Maces & Flails
  2024 | D:3      | Reached XP level 5. HP: 30/44 MP: 4/4
  2340 | D:4      | Noticed a phantom
  2345 | D:4      | Killed a phantom
  2346 | D:4      | Reached XP level 6. HP: 53/53 MP: 5/5
  2510 | D:4      | Found a sand-covered staircase.
  2515 | Ossuary  | Entered an ossuary
  2515 | Ossuary  | Noticed a wraith
  2515 | Ossuary  | Noticed a wraith
  2515 | Ossuary  | Noticed a wraith
  2531 | Ossuary  | Reached skill level 7 in Maces & Flails
  2581 | Ossuary  | Noticed a wraith
  2594 | Ossuary  | Killed a wraith
  2595 | Ossuary  | Reached XP level 7. HP: 15/59 MP: 6/6
  3144 | D:4      | Reached skill level 8 in Maces & Flails
  3392 | D:4      | Found a glowing golden altar of the Shining One.
  3693 | D:5      | Entered Level 5 of the Dungeon
  4049 | D:5      | Reached skill level 9 in Maces & Flails
  4049 | D:5      | Reached XP level 8. HP: 43/66 MP: 7/7
  4793 | D:6      | Found Doruisk's General Store.
  4799 | D:6      | Reached skill level 10 in Maces & Flails
  5280 | D:6      | Reached skill level 11 in Maces & Flails
  5571 | D:6      | Reached XP level 9. HP: 36/72 MP: 8/8
  6556 | D:7      | Found a staircase to the Ecumenical Temple.
  6578 | Temple   | Entered the Ecumenical Temple
  6583 | Temple   | Became a worshipper of Cheibriados the Contemplative
  6583 | Temple   | Reached * piety under Cheibriados
  6583 | Temple   | Reached ** piety under Cheibriados
  6637 | D:7      | Found an ornate altar of the Wu Jian Council.
  6673 | D:7      | Found a glowing silver altar of Zin.
  6833 | D:7      | Reached skill level 12 in Maces & Flails
  7297 | D:7      | Reached *** piety under Cheibriados
  7532 | D:8      | Reached skill level 1 in Invocations
  7847 | D:6      | Bought a +3 vampiric morningstar for 377 gold pieces
  7945 | D:8      | Noticed a two-headed ogre
  7965 | D:8      | a two-headed ogre changed into a faun
  7965 | D:8      | Noticed a faun
  7969 | D:8      | Killed a faun
  8047 | D:8      | Reached XP level 10. HP: 65/79 MP: 12/12
  8077 | D:8      | Reached **** piety under Cheibriados
  8439 | D:9      | Reached skill level 5 in Invocations
  8496 | D:9      | Noticed a steelbarb worm
  8497 | D:9      | a steelbarb worm changed into a snapping turtle
  8605 | D:9      | Reached skill level 13 in Maces & Flails
  8784 | D:9      | Found a staircase to the Lair.
  9138 | D:9      | Found a staircase to the Orcish Mines.
  9315 | Lair:1   | Entered Level 1 of the Lair of Beasts
  9335 | Lair:1   | Noticed a skyshark
  9346 | Lair:1   | Killed a skyshark
  9347 | Lair:1   | Reached skill level 14 in Maces & Flails
  9463 | Lair:1   | Noticed a boulder beetle
  9480 | Lair:1   | Killed a boulder beetle
  9701 | Lair:1   | Reached XP level 11. HP: 35/86 MP: 14/14
  9929 | Lair:1   | Noticed Erica
  9940 | Lair:1   | Constricted to death by Erica

Illustrated notes

Levels and vault maps discovered:
D:1:      dpeg_arrival_round_b, layout_basic
D:2:      layout_loops_ring
D:3:      kennysheep_six_static_rooms, layout_rooms, uniq_robin, uniq_terence,
          uniq_sigmund
D:4:      layout_loops_ring, mainiacjoe_overflow_alcove_2,
          nicolae_ossuary_entry_catacombs
D:5:      layout_gridville, minmay_misc_feat_encased, serial_park_tiny_2
D:6:      minmay_general_purpose_star, layout_basic, serial_shops, shop,
          minmay_misc_feat_iff
D:7:      layout_basic, mainiacjoe_overflow_catch_the_wave,
          minmay_temple_entry_glassed_door, dreamdust_princess_corridor,
          grunt_ministairs_5, minmay_between
D:8:      kennysheep_kobold_camp, layout_rooms
D:9:      layout_roguey, grunt_lair_entry_orc_guard_hut, orc_0_dummy
Temple:   hellmonk_temple_of_storms
Lair:1:   layout_roguey, st_stairs_8, infiniplex_staircase_pool_2, uniq_erica

Skill      XL: |  1  2  3  4  5  6  7  8  9 10 |
---------------+-------------------------------+-----
Maces & Flails | 3 4 6 7 9 11 12 14 | 14.8
Armour         | 1 |  1.0
Invocations    | 4 6 |  6.1
Fighting       | |  2.6
Dodging        | |  2.1
Stealth        | |  0.3

Action                     |  1- 3 |  4- 6 |  7- 9 | 10-12 || total
---------------------------+-------+-------+-------+-------++-------
  Melee: Mace              |    70 |    15 |       |       ||    85
         Tailslap          |    11 |    12 |    44 |    29 ||    96
         Flail             |       |    70 |   343 |       ||   413
         Morningstar       |       |       |    12 |   196 ||   208
  Throw: Dart              |       |       |     8 |     3 ||    11
 Invoke: Temporal Distorti |       |       |     1 |       ||     1
         Slouch            |       |       |       |     4 ||     4
  Evoke: Wand              |       |     1 |    23 |       ||    24
    Use: Potion            |     6 |     5 |     6 |     1 ||    18
         Scroll            |     8 |     1 |    12 |     4 ||    25
   Stab: Invisible         |       |       |     4 |       ||     4
         Sleeping          |       |       |     2 |     2 ||     4
 Armour: Robe              |     1 |       |    78 |    40 ||   119
         Chain mail        |     1 |       |       |       ||     1
         Plate armour      |    10 |       |       |       ||    10
         Ring mail         |    23 |    22 |    21 |       ||    66
  Dodge: Dodged            |    30 |    34 |   130 |    57 ||   251
  Block: Buckler           |       |       |    69 |    41 ||   110

Table legend: (Time is in decaauts)
 A = Elapsed time spent in this place.
 B = Non-inter-level travel time spent in this place.
 C = Inter-level travel time spent in this place.
 D = Time resting spent in this place.
 E = Time spent auto-exploring this place.
 F = Levels seen in this place.
 G = Mean time per level.
                   A        B        C        D        E       F      G
               +--------+--------+--------+--------+--------+-----+--------+
         Total |  11091 |  10451 |    640 |   1802 |   6011 |  12 |  924.2 |
       Dungeon |   9758 |   9119 |    639 |   1126 |   5862 |   9 | 1084.2 |
        Temple |     12 |     12 |      0 |      0 |      0 |   1 |   12.0 |
          Lair |    672 |    672 |      0 |    454 |     85 |   1 |  672.0 |
       Ossuary |    648 |    648 |      0 |    222 |     63 |   1 |  648.0 |
               +--------+--------+--------+--------+--------+-----+--------+

Top non-repeatable levels by time:
     D:6: 1754 daAuts
     D:9: 1270 daAuts
     D:7: 1257 daAuts
     D:8: 1252 daAuts
     D:5: 1139 daAuts
     D:1: 845 daAuts
     D:2: 830 daAuts
     D:4: 800 daAuts
  Lair:1: 672 daAuts
 Ossuary: 648 daAuts
     D:3: 607 daAuts
  Temple: 12 daAuts
